[Event "LV Capablanca Memorial Premier 2022"]
[Site "La Habana"]
[Date "2022.04.22"]
[Round "4.5"]
[White "Bulmaga, Irina"]
[Black "Cori Tello, Deysi"]
[Result "1-0"]
[ECO "C12"]
[WhiteElo "2390"]
[BlackElo "2391"]
[Annotator "TA"]
[PlyCount "59"]
[EventDate "2022.04.20"]
[EventType "tourn"]
[EventCountry "CUB"]
[SourceTitle "playchess.com"]
[Source "ChessBase"]
[SourceQuality "1"]
[TimeControl "40/5400+30:1800+30"]

1. e4 e6 2. d4 d5 3. Nc3 Nf6 4. Bg5 Bb4 5. e5 h6 6. Bc1 Ne4 7. Qg4 {[%emt 0:00:09] C12: French: Classical System: McCutcheon Variation.} g5 ({Don't play} 7... Nxc3 8. Qxg7 Kd7 9. Bd2 $16) (7... Kf8 $11) 8. a3 (8. Nge2 $5 ) 8... Bxc3+ 9. bxc3 {[%emt 0:00:04] [#] aiming for h4. White has an edge.} c5 {[%emt 0:00:14] Hoping for ...Qa5.} ({Don't take} 9... Nxc3 10. h4 h5 11. Qxg5 Qxg5 12. hxg5 $16) 10. Bd3 $1 {[%emt 0:01:13] [#]} cxd4 $146 ({Predecessor:} 10... h5 11. Qh3 Nxc3 12. dxc5 Nc6 13. Qg3 Qa5 14. Bd2 Qxc5 15. Qxg5 Ne4 16. Qe3 Qxe3+ 17. Bxe3 Nxe5 {1-0 (80) Duda,J (2671)-Anton Guijarro,D (2627) Martuni 2016}) 11. Bxe4 dxe4 12. Qxe4 Qa5 (12... Bd7 $1 $11) 13. Ne2 $14 Nc6 14. O-O (14. h4 $14 {should be considered.}) 14... Qxe5 $11 ({But not} 14... dxc3 15. f4 $14) 15. Qd3 Qf5 16. Qd2 O-O 17. cxd4 Rd8 (17... b6 $1 $11) 18. f4 $16 g4 19. c4 b6 $2 {[%emt 0:05:39] Loses the game.} (19... b5 $16) 20. Bb2 $18 Na5 21. Qc3 Qf6 22. f5 exf5 23. Nf4 {[%emt 0:09:09] [#] And now Nh5 would win.} Re8 $2 (23... Bb7 $2 24. Nh5 Qxd4+ 25. Qxd4 $18) (23... Be6) 24. Nh5 Qh8 25. Qc2 Nc6 26. Qf2 f6 (26... Kh7 $142 27. Rad1 Kg6) 27. Qh4 Kf7 28. Qg3 Bb7 (28... Bd7 $142 29. Qc7 Re7) 29. Rxf5 Re2 30. Rxf6+ {[%emt 0:01:33] Weighted Error Value: White=0.23 (precise) /Black=0.50} 1-0

[Event "LV Capablanca Memorial Premier 2022"]
[Site "La Habana"]
[Date "2022.04.23"]
[Round "5.1"]
[White "Cori Tello, Deysi"]
[Black "Hernandez Moya, Yuleisy"]
[Result "1-0"]
[ECO "B14"]
[WhiteElo "2391"]
[BlackElo "2250"]
[Annotator "TA"]
[PlyCount "63"]
[EventDate "2022.04.20"]
[EventType "tourn"]
[EventCountry "CUB"]
[SourceTitle "playchess.com"]
[Source "ChessBase"]
[SourceQuality "1"]
[TimeControl "40/5400+30:1800+30"]

1. c4 c5 2. Nf3 g6 3. e3 Bg7 4. Nc3 Nf6 5. d4 cxd4 6. exd4 d5 7. Bg5 dxc4 8. Bxc4 O-O 9. O-O Nc6 {[%emt 0:06:50] B14: Caro-Kann: Panov-Botvinnik Attack with 5...e6 and 5...g6.} (9... Bg4 {is more complex.} 10. h3 Bxf3 11. Qxf3 Qxd4 12. Qxb7 Nbd7) 10. d5 Na5 11. Be2 {[%emt 0:00:09] [#] b4 is the strong threat.} b6 {[%emt 0:01:59] White is slightly better.} 12. Rc1 {[%emt 0:02:03] [#]} Bg4 $146 ({Predecessor:} 12... Nb7 13. a3 Nd6 14. Re1 a6 15. Bxf6 Bxf6 16. h3 b5 17. b4 Bf5 18. Bd3 Rc8 19. Bxf5 Nxf5 {½-½ (79) Chomienne,P (1209)-Basic,B (1977) Europe Echecs INT 2021}) 13. b4 Nb7 14. Ne5 Bxe2 15. Qxe2 h6 16. Bh4 {[%emt 0:04:45] &Bianco is much more active.} Nd6 17. Nc6 Qd7 18. Qxe7 Qxe7 19. Nxe7+ Kh7 20. Bg3 Nfe4 (20... Rad8 $16) 21. Nxe4 $18 Nxe4 22. Rc7 Rfd8 (22... a5 $16 {was worth a try.}) 23. Re1 Nxg3 24. hxg3 Bf8 25. Re3 Kg7 {[%emt 0:04:15] [#]} (25... Kh8 {was necessary.} 26. Rd3 Bxe7) 26. Rf3 $1 Rd6 (26... Bxe7 $142 27. Rxe7 Rf8) 27. Nc8 Rf6 (27... Rd8) 28. Rxf6 Kxf6 29. d6 {[%emt 0:02:21][%cal Bd5d6,Bd6d7][%mdl 32] aiming for d7.} Ke6 (29... Rxc8 $142 30. Rxc8 Bxd6) 30. d7 {[%emt 0:00:00] White is clearly winning.} Be7 31. Nxe7 {[%emt 0:00:00] Nc8 would kill now.} Kxe7 32. Rc8 {[%emt 0:00:00] Weighted Error Value: White=0.06 (flawless) /Black=0.35} 1-0

[Event "LV Capablanca Memorial Premier 2022"]
[Site "La Habana"]
[Date "2022.04.23"]
[Round "5.2"]
[White "Miranda Llanes, Yerisbel"]
[Black "Bulmaga, Irina"]
[Result "1/2-1/2"]
[ECO "C02"]
[WhiteElo "2261"]
[BlackElo "2390"]
[Annotator "TA"]
[PlyCount "65"]
[EventDate "2022.04.20"]
[EventType "tourn"]
[EventCountry "CUB"]
[SourceTitle "playchess.com"]
[Source "ChessBase"]
[SourceQuality "1"]
[TimeControl "40/5400+30:1800+30"]

1. e4 e6 2. d4 d5 3. e5 c5 4. c3 Nc6 5. Nf3 Bd7 6. Bd3 Qb6 7. O-O (7. dxc5 $14 Bxc5 8. O-O) 7... cxd4 $11 {[%emt 0:02:38] C02: French: Advance Variation.} 8. Re1 h6 9. a3 Rc8 {[%emt 0:06:03] [#] The position is equal.} 10. b4 $146 ({Predecessor:} 10. Bc2 Bc5 11. b4 d3 12. bxc5 dxc2 13. Qxc2 Qxc5 14. Be3 Qa5 15. Nbd2 Qc7 16. Bc5 Nxe5 {0-1 (29) Langnau,R-Elwert,H corr 1985}) 10... dxc3 11. Nxc3 Nd4 $1 12. Bd2 (12. Be3 Nxf3+ 13. gxf3 (13. Qxf3 $2 d4 $17) 13... Qd8 $15) 12... Nxf3+ (12... a6 $11 {is more appropriate.}) 13. Qxf3 $14 Ne7 14. b5 ({White should play} 14. Rac1 $14) 14... Qd8 (14... g6 $15) 15. Ne2 $11 {[%emt 0:05:29][%mdl 1024] White has compensation.} g6 16. Nd4 Bg7 17. Rad1 Qb6 {[%emt 0:16:21] [#]} (17... h5 $11) 18. Bb4 $1 $14 a5 {[%emt 0:16:46] [#]} (18... Qxd4 $2 19. Bxg6 $1 Nxg6 20. Rxd4 $18) (18... Bf8 $11 {keeps the balance.}) (18... Qd8 19. Qe3) 19. bxa6 $1 $16 bxa6 20. Qf4 Nc6 21. Nxc6 {[%emt 0:02:23] &Bianco is much more active.} Rxc6 22. Rb1 $1 ({Of course not} 22. Qh4 Qd8 23. Qxd8+ Kxd8 $11) 22... Qd8 23. Rec1 ({White should try} 23. Bd6 $16 {Strongly threatening Rb8.} g5 24. Qg3) 23... Rxc1+ 24. Rxc1 (24. Qxc1 $5 Bxe5 25. Qc5 $11) 24... Qg5 $36 {[%emt 0:03:02][%mdl 2048] Black is more active.} 25. Qxg5 hxg5 26. Bd6 Rh4 (26... Bf8 $15) 27. Rb1 $11 Bb5 {[%emt 0:01:28] [#]} 28. g3 $1 Rd4 ({Don't take} 28... Bxd3 29. Rb8+ Kd7 30. gxh4 (30. Rb7+ Kc6 $11) 30... gxh4 31. Rb4 $14) 29. Bxb5+ axb5 30. Rxb5 {[%emt 0:00:09] Hoping for Kf1.} Re4 {[%emt 0:00:07] [#]} (30... Rd1+ $1 $11 {remains equal.} 31. Kg2 Re1) 31. f3 $1 $16 {[%emt 0:01:27] White is clearly better.} Re2 {[%emt 0:00:08] [#]} 32. Kf1 $1 Ra2 33. Rb7 {Weighted Error Value: White=0.21 (precise) /Black=0.29 (precise)} (33. Rb8+ $18 Kd7 34. Rb7+ Ke8 35. Re7+ Kf8 36. Rxe6+ Kg8 37. Re8+ Kh7 38. Ra8) 1/2-1/2

[Event "LV Capablanca Memorial Premier 2022"]
[Site "La Habana"]
[Date "2022.04.23"]
[Round "5.3"]
[White "Lujan, Carolina"]
[Black "Hernandez Gil, Ineymig"]
[Result "1-0"]
[ECO "B13"]
[WhiteElo "2334"]
[BlackElo "2348"]
[Annotator "TA"]
[PlyCount "95"]
[EventDate "2022.04.20"]
[EventType "tourn"]
[EventCountry "CUB"]
[SourceTitle "playchess.com"]
[Source "ChessBase"]
[SourceQuality "1"]
[TimeControl "40/5400+30:1800+30"]

1. e4 c6 2. d4 d5 3. exd5 cxd5 4. Bd3 Nc6 5. c3 Nf6 6. Bf4 Bg4 7. Qb3 Qd7 8. Nd2 e6 9. Ngf3 Bxf3 10. Nxf3 Be7 11. O-O {[%emt 0:11:39] B13: Caro-Kann: Exchange Variation and Panov-Botvinnik Attack.} O-O 12. Qc2 {[%emt 0:02:53] [#]} Rfc8 $146 ({Predecessor:} 12... g6 13. Bb5 Bd6 14. Qd2 Ne4 15. Qe3 Bxf4 16. Qxf4 Qd6 17. Qxd6 Nxd6 18. Bd3 Rfc8 {0-1 (50) Dubrovic,R (1576)-Vujnovic,P (1928) Topusko 2011}) 13. Qe2 {[%emt 0:11:07] White is slightly better.} a6 14. Rfe1 Na5 15. Ne5 Qe8 16. a4 Nd7 17. Nf3 Nc4 18. b3 Na5 19. Rab1 Nf6 20. Bd2 Nc6 21. g3 Bd6 22. Kg2 Ne7 23. Ng5 Nf5 24. Nf3 (24. Ra1 $14) 24... Bc7 (24... Ne7 $1 $11) 25. Ne5 (25. c4 $16) 25... Nd6 26. f3 {[%emt 0:23:41] Inhibits Nde4.} b5 27. Ra1 Ba5 28. Rec1 Bb6 29. Be3 Ba5 30. Bd2 Bb6 $1 31. Bg5 Nd7 32. axb5 {[%emt 0:00:00] &Bianco is much more active.} Nxe5 33. dxe5 Nxb5 34. c4 (34. Bd2 $14 Qd8 35. f4) 34... Nd4 $11 35. Qd1 $36 {[%emt 0:01:14][%mdl 2048] Black is under pressure.} dxc4 36. bxc4 Bc5 37. Be3 Rd8 38. Qg1 $2 {[%emt 0:02:10][%mdl 8192] [#]} (38. Ra2 $11 {and White stays safe.}) 38... Ra7 $2 (38... Nxf3 $1 $19 39. Qf1 (39. Bxh7+ $2 Kxh7 40. Qf1 Bxe3 $19) 39... Bxe3 40. Kxf3 Bxc1 41. Rxc1 Rab8) 39. Rd1 Qd7 $2 {[%emt 0:00:58][%mdl 8192] This move loses the game for Black.} (39... Rad7 $11 {and Black is okay.}) 40. Be4 $18 {[%emt 0:00:16] This bishop pair is nice.} a5 41. Rxd4 Bxd4 42. Rd1 Bxe3 (42... Qa4 {is more resistant.} 43. Rxd4 Rxd4) 43. Rxd7 Raxd7 44. Qxe3 Rd2+ 45. Kh3 h5 46. c5 Rb2 47. c6 {[%emt 0:00:54] c7 is the strong threat.} Rdd2 {[%emt 0:02:25] [#]} 48. Qxd2 $3 {[%emt 0:00:00][%mdl 512] Weighted Error Value: White=0.36/Black=0.71} 1-0

[Event "LV Capablanca Memorial Premier 2022"]
[Site "La Habana"]
[Date "2022.04.23"]
[Round "5.4"]
[White "Arribas Robaina, Maritza"]
[Black "Forgas Moreno, Yaniela"]
[Result "1/2-1/2"]
[ECO "B51"]
[WhiteElo "2204"]
[BlackElo "2303"]
[Annotator "TA"]
[PlyCount "124"]
[EventDate "2022.04.20"]
[EventType "tourn"]
[EventCountry "CUB"]
[SourceTitle "playchess.com"]
[Source "ChessBase"]
[SourceQuality "1"]
[TimeControl "40/5400+30:1800+30"]

1. e4 c5 2. Nf3 d6 3. Bb5+ Nd7 4. O-O a6 5. Bd3 Ngf6 6. c3 {[%emt 0:00:39] B51: Sicilian: Moscow Variation (3 Bb5+) without 3...Bd7.} b5 7. Bc2 c4 8. d4 ({White should play} 8. a4 $14) 8... cxd3 $1 $11 9. Qxd3 Bb7 10. Re1 Nc5 11. Qe2 e5 12. a4 {[%emt 0:02:39] [#]} Bc6 $146 (12... bxa4 $11 13. Be3 Nfd7) ({Predecessor:} 12... bxa4 13. Be3 Nfd7 14. Bxc5 Nxc5 15. Rxa4 Be7 16. Ra1 O-O 17. Nbd2 Qc7 18. Nf1 Ne6 {1-0 (68) Donchenko,A (2660)-Sanchez Alvares,K (2250) Chess.com INT 2021}) 13. Bg5 (13. b4 $14 Nxa4 14. Ng5) 13... bxa4 14. Nbd2 (14. Rd1 $1 $14 Qb8 15. Ra2 (15. Bxf6 Qxb2 16. Bxe5 Qxa1 $11)) 14... Be7 15. Bxf6 Bxf6 16. b4 (16. Red1 $1 $15) 16... axb3 $1 $17 17. Nxb3 Bb5 {[%emt 0:01:42] This bishop pair is nice.} (17... Nxb3 $17 18. Bxb3 O-O) 18. c4 $11 Nxb3 19. Bxb3 Bd7 20. Qd3 (20. c5 $11 {feels stronger.}) 20... Qc7 21. Ba4 Bxa4 22. Rxa4 O-O 23. Rea1 a5 24. Nd2 Ra7 (24... Rfb8 $17) 25. Nb1 Qc5 26. Nc3 Bd8 27. Nd5 Rb7 28. R4a2 {[%emt 0:05:38] Against Rb2} g6 29. g3 f5 30. Kg2 Rbf7 (30... fxe4 $15 {deserves consideration.} 31. Qxe4 Rbf7) 31. exf5 gxf5 32. Rb1 Qc8 33. f4 Qc6 34. Qb3 exf4 35. gxf4 Rg7+ 36. Kh1 Qe8 {[%emt 0:02:22] ( -> ...Qe4+)} 37. Qf3 Qd7 ({Better is} 37... Kh8 $1 $15) 38. Rg2 Rg6 39. Rbg1 Qe6 $40 {[%emt 0:00:25][%mdl 128] Black mounts an attack.} 40. Re2 Qf7 41. Rge1 Bh4 42. Rb1 Re8 43. Rg2 (43. Rxe8+ $11 Qxe8 44. Ne3) 43... Qe6 $17 44. Rbg1 Bd8 $1 45. h4 Kf7 (45... Bxh4 $2 46. Qh5 Rxg2 47. Rxg2+ Kh8 48. Qxh4 Qe1+ 49. Qxe1 Rxe1+ 50. Kh2 $18) 46. Kh2 Rxg2+ 47. Rxg2 {[%emt 0:00:40] [#] Qh5+ is the strong threat.} (47. Qxg2 $2 Qh6 48. Qh3 Re2+ 49. Kh1 Qxh4 $19) 47... Qh6 {[%emt 0:00:16] Prevents Qh5+.} ({Black should try} 47... Rg8 $1 $17 {[%cal Rg8g2] White must now prevent ...Rxg2+.} 48. Qh5+ Kf8) 48. h5 $11 Re4 49. Qh3 Rxf4 (49... Qe6 $11) 50. Nxf4 $16 {[%emt 0:00:00] The board is on fire.} (50. Kg1 $2 Rg4 51. Rxg4 fxg4 52. Qf1+ Kg8 $19) 50... Qxf4+ 51. Qg3 Qxg3+ 52. Kxg3 {[%emt 0:00:13][%mdl 4096] Endgame KR-KB} Kf6 53. Kf3 Bb6 54. h6 (54. Rd2 $16 Bc5 55. Kf4) 54... Bd4 $11 55. Rg7 Be5 $2 (55... a4 $11 56. c5 (56. Rxh7 $2 a3 $19) 56... Bxc5 57. Rxh7 Kg6) 56. Rxh7 $18 Kg6 {[%emt 0:00:26] [#] Inhibits Rg7+.} (56... a4 57. Rd7 Kg6) 57. Ra7 $2 ({White must play} 57. Re7 $1 $18 {[%cal Oc4c5] Intending c5! and mate.} Bc3 58. Re6+ Kh7 59. Rxd6) 57... Kxh6 $14 {[%emt 0:00:08] White is slightly better.} 58. Rxa5 Kg5 59. Rd5 {[%emt 0:00:00] Threatening mate with c5.} Kf6 60. Rb5 Ke6 61. Rb7 Kf6 62. Ke3 Ke6 {[%emt 0:00:25] Weighted Error Value: White=0.26 (precise) /Black=0.15 (very precise)} 1/2-1/2

[Event "LV Capablanca Memorial Premier 2022"]
[Site "La Habana"]
[Date "2022.04.23"]
[Round "5.5"]
[White "Ordaz Valdes, Lisandra Teresa"]
[Black "Kiolbasa, Oliwia"]
[Result "0-1"]
[ECO "D36"]
[WhiteElo "2371"]
[BlackElo "2388"]
[Annotator "TA"]
[PlyCount "114"]
[EventDate "2022.04.20"]
[EventType "tourn"]
[EventCountry "CUB"]
[SourceTitle "playchess.com"]
[Source "ChessBase"]
[SourceQuality "1"]
[TimeControl "40/5400+30:1800+30"]

1. d4 d5 2. c4 e6 3. Nc3 Nf6 4. cxd5 exd5 5. Bg5 c6 6. e3 h6 7. Bh4 Be7 8. Bd3 O-O 9. Qc2 Re8 10. Nf3 Ne4 $1 {[%emt 0:01:50][%mdl 4] is recently more successful than 10...Nbd7. D36: Queen's Gambit Declined: Exchange Variation: Main line (5 Bg5 c6 6 Qc2).} 11. Bxe4 {[%emt 0:03:05] [#] Bh7+ is the strong threat.} Bxh4 12. Bh7+ Kh8 {[%emt 0:12:18] Hoping for ...Rxe3+. The position is equal.} 13. g3 (13. Nxh4 Qxh4 14. Bd3 Qxd4 $17) 13... Bf6 {[%emt 0:00:25] Threatens to win with ...Bg4.} 14. Bf5 {[%emt 0:00:12] [#] Prevents Bg4.} Nd7 $146 ({Predecessor:} 14... Bxf5 15. Qxf5 g6 16. Qf4 Kg7 17. h4 Na6 18. O-O-O b5 19. g4 Qc7 20. g5 Qxf4 21. exf4 hxg5 22. hxg5 {½-½ (54) Wells,P (2513)-Scekic,V (2084) Budva 2009}) 15. O-O g6 16. Bh3 Nb6 17. Bxc8 Nxc8 18. b4 Nd6 19. Qb3 b5 20. a4 a6 21. Rfe1 Qd7 22. Ra2 Qf5 23. Kg2 Kg7 24. Rea1 Rac8 25. Qb1 Qd7 26. h3 h5 27. h4 Nc4 28. Re2 Re7 (28... Rb8 $5 ) 29. a5 Rce8 30. Qd3 Nd6 31. Qc2 Nf5 {[%emt 0:04:47] And now ...Qd6 would win.} 32. Rae1 Qd6 {[%emt 0:04:49][%cal Oe7e3] [#] aiming for ...Rxe3!} 33. Qb1 Qd7 34. Qc2 Kh8 35. Qc1 Kg8 36. Qc2 Bg7 37. Qd3 Re4 38. Rh1 (38. Nxe4 $2 dxe4 39. Ne5 Bxe5 $19) (38. Qd1 $11) 38... Qd6 {[%emt 0:00:00] &Nero is more active.} (38... Qc7 $1 $15 39. Rh3 (39. Nxe4 $2 dxe4 40. Qd2 exf3+ 41. Kxf3 Qe7 $19) 39... R4e7) 39. Ne5 $1 $11 (39. Nxe4 $2 dxe4 40. Qd1 exf3+ 41. Kxf3 Qd5+ 42. e4 Nxd4+ 43. Kg2 Qc4 $19) 39... R4xe5 (39... Bxe5 40. Nxe4 Qxb4 41. dxe5 $16) 40. dxe5 Qxb4 41. f4 Qxa5 42. Nxd5 $2 {[%emt 0:11:17][%mdl 8192] White is now going downhill.} cxd5 $19 43. Qxd5 Rd8 44. Ra1 Qc7 (44... Rxd5 $2 {perishes.} 45. Rxa5 Rd3 46. Kf2 $19) 45. Rc1 Qxc1 ({Stronger than} 45... Rxd5 46. Rxc7 Rd3 47. Rc8+ Kh7 48. Kf2 $17) 46. Qxd8+ Bf8 47. e6 (47. Qd2 $142 Qc4 48. e4) 47... Qc6+ 48. e4 Qxe6 49. Qd3 Nd6 50. Kf3 a5 {[%emt 0:01:36][%cal Ba6a5,Ba5a4][%mdl 32] White must now prevent ...Qh3.} 51. Rc2 Nc4 ({Inferior is} 51... Nxe4 52. Qxe4 Qg4+ 53. Kf2 $17) 52. Kg2 a4 53. Kh2 Qd6 54. Qe2 Qd4 55. e5 Bc5 56. Qg2 {[%emt 0:00:25] Against Qg1+} Ne3 57. Qa8+ Kg7 {[%emt 0:00:35] Weighted Error Value: White=0.64/Black=0.15 (very precise)} 0-1

[Event "LV Capablanca Memorial Premier 2022"]
[Site "La Habana"]
[Date "2022.04.25"]
[Round "6.1"]
[White "Hernandez Moya, Yuleisy"]
[Black "Kiolbasa, Oliwia"]
[Result "1-0"]
[ECO "C45"]
[WhiteElo "2250"]
[BlackElo "2388"]
[Annotator "TA"]
[PlyCount "81"]
[EventDate "2022.04.20"]
[EventType "tourn"]
[EventCountry "CUB"]
[SourceTitle "playchess.com"]
[Source "ChessBase"]
[SourceQuality "1"]
[TimeControl "40/5400+30:1800+30"]

1. e4 {[%emt 0:00:31] Roiz,M} e5 2. Nf3 Nc6 3. d4 exd4 4. Nxd4 Bc5 5. Nb3 Bb6 6. Nc3 Nf6 7. Qe2 {[%emt 0:00:31] C45: Scotch Game.} O-O 8. Be3 d5 {[%emt 0:06:59] Strongly threatening ...Bg4.} 9. O-O-O {[%emt 0:12:53] The position is equal.} d4 10. Bg5 h6 11. Bh4 {[%emt 0:06:01] [#]} g5 $146 (11... Bg4 $11 {might be stronger.} 12. f3 Be6) ({Predecessor:} 11... Qd6 12. Kb1 Qe6 13. Bxf6 Qxf6 14. Nd5 Qd6 15. f4 Be6 16. c4 Nb4 17. Qf3 Rfe8 18. Nxd4 Bxd4 19. Rxd4 {1-0 (38) Howell,D (2705)-Roiz,M (2600) Skopje 2015 CBM 169 [Roiz,M]}) 12. Bg3 $14 Re8 13. f3 a5 (13... Be6 $14) 14. Na4 $16 Ba7 15. Qd2 Bd7 (15... Nh5 $16) 16. Nbc5 (16. h4 $18 Nh5 17. Bf2) 16... Qe7 17. Nxd7 Nxd7 {[%emt 0:00:58] [#]} 18. h4 $1 (18. Bxc7 Rec8 19. Bg3 (19. Bxa5 $2 Bb8 $19) 19... Nb4 $17) 18... Kg7 (18... Qb4 {was necessary.}) 19. hxg5 $18 (19. Bxc7 $6 Rac8 $14) 19... hxg5 {[%emt 0:00:05] [#]} 20. c3 ({Don't do} 20. Bxc7 $6 Rac8 $16) (20. Bb5 $1 $18) 20... Rad8 21. Bxc7 {[%emt 0:03:50] Threatens to win with Rh5.} Rc8 22. Bg3 {[%emt 0:00:09] And now Bb5 would win. &Bianco is more active.} (22. cxd4 $2 Rxc7 23. Kb1 Bxd4 $17) ({Don't go for} 22. Bd6 $2 Qxd6 23. Qxg5+ Qg6 24. Qxg6+ fxg6 $19) 22... Nce5 (22... Red8 $16 {might work better.} 23. Kb1 Nde5) 23. Kb1 Nc4 $2 (23... d3 24. Bxd3 Red8) 24. Bxc4 Rxc4 25. b3 dxc3 26. Nxc3 {[%emt 0:01:43] Really sharp!} Rd4 27. Qb2 Ne5 (27... Qf6 $142 28. Rc1 Ne5) 28. Nd5 Qc5 29. Rc1 Qb5 30. Nc7 (30. Bxe5+ $142 Rxe5 31. Rhd1 Rexd5 32. exd5 Qxd5 33. Rc4) 30... Qd3+ 31. Ka1 Re7 32. Bf2 ({Not} 32. Nd5 $2 Rxd5 33. Qc2 (33. exd5 $2 Bd4 $19) 33... Qxc2 34. Rxc2 Rd3 $19) 32... Kg6 (32... Bb6 $142 33. Nb5 Qxb5) 33. Rc3 Qd1+ 34. Rxd1 Rxd1+ 35. Rc1 Rxc1+ 36. Qxc1 Bxf2 37. Nd5 Re8 38. Qc7 Nd3 39. Ne7+ Kg7 40. Nf5+ Kh8 41. Qxf7 {[%emt 0:03:56] Weighted Error Value: White=0.23 (precise) /Black=0.89} 1-0

[Event "LV Capablanca Memorial Premier 2022"]
[Site "La Habana"]
[Date "2022.04.25"]
[Round "6.2"]
[White "Forgas Moreno, Yaniela"]
[Black "Ordaz Valdes, Lisandra Teresa"]
[Result "1/2-1/2"]
[ECO "A03"]
[WhiteElo "2303"]
[BlackElo "2371"]
[Annotator "TA"]
[PlyCount "77"]
[EventDate "2022.04.20"]
[EventType "tourn"]
[EventCountry "CUB"]
[SourceTitle "playchess.com"]
[Source "ChessBase"]
[SourceQuality "1"]
[TimeControl "40/5400+30:1800+30"]

1. f4 d5 2. Nf3 g6 3. d3 Bg7 4. g3 c5 5. Bg2 Nc6 6. e4 {[%emt 0:06:35] A03: Bird's Opening with 1...d5.} dxe4 7. dxe4 Qxd1+ 8. Kxd1 {[%emt 0:00:00] [#] Black is slightly better.} Bg4 $146 ({Predecessor:} 8... Nf6 9. e5 Ng4 10. Re1 Be6 11. h3 Nf2+ 12. Ke2 Ne4 13. g4 f5 14. exf6 Bc4+ {½-½ (23) Bondar,T (2145)-Romashin,E (2179) Minsk 2005}) 9. c3 O-O-O+ 10. Kc2 e5 11. Be3 exf4 12. gxf4 Nf6 13. Ng5 (13. h3 $14 Be6 14. Nbd2) 13... Rd7 $11 14. e5 (14. Nd2 $11 {keeps the balance.}) 14... Bf5+ $17 15. Kc1 Nh5 (15... Ng4 $17 16. Bxc5 Ngxe5 17. fxe5 Bh6) 16. Ne4 {[%emt 0:06:13] [#]} ({White should try} 16. Rd1 $15) 16... Bxe4 (16... Bh6 $1 $17 17. Nd6+ Kc7 18. Bxc6 (18. Nxf5 gxf5 19. Kc2 Rg8 $17) 18... Kxc6) 17. Bxe4 $15 Bh6 18. Bxc6 bxc6 19. Kc2 Bxf4 20. Bxf4 Nxf4 21. Nd2 Re8 22. Nc4 Re6 {[%emt 0:06:18] And now ...Nd3 would win.} 23. Raf1 Nd5 24. Rf2 f6 (24... Nb6 {with more complications.} 25. Nd6+ Kc7 26. Rd1 Rxe5 27. Nxf7 Rh5) 25. exf6 Rxf6 (25... Nxf6 {is more complex.} 26. Rhf1 Nd5 27. Rf8+ Kc7) 26. Rxf6 {[%emt 0:03:39] The position is equal.} Nxf6 {[%emt 0:00:02][%mdl 4096] Endgame KRN-KRN} 27. Re1 Nd5 28. Re8+ Kc7 29. Kb3 Re7 30. Ra8 Kb7 31. Rh8 Nb6 32. Na5+ Kc7 33. a4 Kd6 34. Rd8+ Kc7 35. Rf8 Rd7 36. Rf6 Rd6 37. Rf7+ Rd7 38. Rf6 Rd6 39. Rf7+ {[%emt 0:00:08] Weighted Error Value: White=0.16 (very precise) /Black=0.09 (flawless)} 1/2-1/2

[Event "LV Capablanca Memorial Premier 2022"]
[Site "La Habana"]
[Date "2022.04.25"]
[Round "6.3"]
[White "Hernandez Gil, Ineymig"]
[Black "Arribas Robaina, Maritza"]
[Result "1/2-1/2"]
[ECO "C10"]
[WhiteElo "2348"]
[BlackElo "2204"]
[Annotator "TA"]
[PlyCount "95"]
[EventDate "2022.04.20"]
[EventType "tourn"]
[EventCountry "CUB"]
[SourceTitle "playchess.com"]
[Source "ChessBase"]
[SourceQuality "1"]
[TimeControl "40/5400+30:1800+30"]

1. e4 e6 2. d4 d5 3. Nd2 dxe4 4. Nxe4 Bd7 5. Nf3 Bc6 6. Bd3 Nd7 7. O-O Ngf6 8. Ng3 Be7 9. Re1 Bxf3 10. Qxf3 c6 11. c3 O-O 12. Ne4 {[%emt 0:11:49] C10: French with 3 Nc3: Unusual Black 3rd moves and 3...dxe4.} Nxe4 13. Qxe4 {[%emt 0:01:47][%csl Gd3][%cal Re4h7] [#]} g6 {[%emt 0:07:14] [#]} 14. Bc2 $146 {[%emt 0:06:33] White has an edge.} (14. Bh6 {feels hotter.} Re8 15. Qf4 a5 16. Rad1) ({Predecessor:} 14. Bh6 Re8 15. Rad1 Bg5 16. Bxg5 Qxg5 17. g3 Rad8 18. h4 Qd5 19. a3 Qxe4 20. Bxe4 {½-½ (61) Seger,R (2416)-Rustemov,A (2541) Germany 2010}) 14... Nf6 (14... a5 {with more complications.} 15. Bh6 Re8 16. Qf4 Nf6) 15. Qe2 Qa5 16. Bf4 Qh5 17. Qd2 {[%emt 0:04:16] [#] Strongly threatening Re5.} Qa5 18. Be5 Ng4 19. Bf4 (19. Bg3 $14) 19... Rfe8 ({Better is} 19... Nf6 $11) 20. h3 Nf6 21. a4 Qd8 22. Qe2 Nh5 23. Be5 Bd6 24. Rad1 Qc7 25. Qf3 Rad8 26. g3 Bxe5 27. Rxe5 Rd5 (27... Kg7 {seems wilder.} 28. g4 Nf6 29. g5 Nh5) 28. Rde1 Rxe5 (28... Kg7 {keeps more tension.} 29. g4 Nf6 30. Qg3 b6) 29. Rxe5 Rd8 30. Kg2 Rd5 31. Re1 Qd8 32. Be4 Rd6 33. Re2 Qa5 34. Bc2 Qd5 35. Re5 Qxf3+ {[%emt 0:13:22] The position is equal.} 36. Kxf3 $11 {[%emt 0:01:26][%mdl 4096] Endgame KRB-KRN} Nf6 37. Re2 Kf8 38. h4 Ke7 39. Re3 Nd5 40. Rd3 Nb6 41. Rd1 a5 42. Rb1 Rd7 43. g4 h6 44. Kg3 Kf6 45. f4 Nc4 46. Bd3 Nb6 47. Bc2 Nc4 48. Bd3 {[%emt 0:05:21] Weighted Error Value: White=0.10 (very precise) /Black=0.09 (flawless)} 1/2-1/2